 Dungeon Crawl Stone Soup version 0.19.5 (webtiles) character file.

170 zachooz the Skirmisher (level 5, -1/48 HPs)
             Began as a Hill Orc Abyssal Knight on Apr 24, 2017.
             Was a Priest of Lugonu.
             Slain by an ogre
             ... wielding a +0 giant club
              (13 damage)
             ... on level 4 of the Dungeon.
             The game lasted 00:13:51 (2752 turns).

zachooz the Skirmisher (Hill Orc Abyssal Knight)    Turns: 2752, Time: 00:13:51

Health: -1/48      AC: 13    Str: 16    XL:     5   Next: 51%
Magic:  6/6        EV: 11    Int: 12    God:    Lugonu [***...]
Gold:   108        SH:  0    Dex: 10    Spells: 0 memorised, 4 levels left

rFire  . . .     SeeInvis .     m - +2 flail (protect)
rCold  . . .     Gourm    .     j - +2 leather armour {rPois}
rNeg   . . .     Faith    .     (no shield)
rPois  +         Spirit   .     (no helmet)
rElec  .         Reflect  .     e - +0 cloak
rCorr  .         Harm     .     (no gloves)
MR     .....                    (no boots)
Stlth  +.........               (no amulet)
                                (no ring)
                                (no ring)

@: protection aura
A: no striking features
a: Depart the Abyss, Bend Space, Banish, Renounce Religion


You were on level 4 of the Dungeon.
You worshipped Lugonu.
Lugonu was most pleased with you.
You were not hungry.

You visited 1 branch of the dungeon, and saw 4 of its levels.
You visited the Abyss 1 time.

You collected 108 gold pieces.

Inventory:

Hand Weapons
 a - a +1 falchion
 m - a +2 flail of protection (weapon)
Armour
 e - a +0 cloak (worn)
 j - a +2 leather armour of poison resistance (worn)
Wands
 n - a wand of heal wounds (0/9)
Scrolls
 b - a scroll of teleportation
 d - a scroll of remove curse
 f - 2 scrolls of identify
Potions
 l - 2 potions of magic
Comestibles
 g - a meat ration


   Skills:
 + Level 5.0 Fighting
 + Level 4.5 Long Blades
 + Level 0.4 Maces & Flails
 + Level 2.8 Armour
 + Level 1.2 Dodging
 + Level 2.4 Invocations


You had 4 spell levels left.
You didn't know any spells.

Dungeon Overview and Level Annotations

Branches:
Dungeon (3/15)

Altars:
Cheibriados


Message History

The shaft crumbles and collapses.
An ogre comes into view. It is wielding a giant club.
The ogre shouts!
Found 3 fruits.
You hit the ogre.
Your weapon exudes an aura of protection.
The ogre is lightly wounded.
The ogre hits you with a giant club!
You hit the ogre.
The ogre is lightly wounded.
The ogre hits you with a giant club!
You barely miss the ogre.
The ogre is lightly wounded.
The ogre hits you with a giant club!
* * * LOW HITPOINT WARNING * * *
Okay, then.
Press: ? - help, Shift-Dir - straight line, f - ogre
Aim: an ogre, wielding a giant club (lightly wounded, chance to defeat MR: 81%)
You fail to use your ability.
The ogre hits you with a giant club!
You die...

#
#.#####.####
#...O@.....#
###....%...#
#........#
..........#
.###.......#
.. #.......#
# #.......#
........#


You could see an ogre.

Vanquished Creatures
  Terence (D:3)
  Jessica (D:2)
  4 adders
  An ooze (D:1)
  2 worms
  3 dart slugs (D:1)
  2 leopard geckos (D:3)
  2 orcs (D:3)
  A ball python (D:3)
  7 bats
  3 giant cockroaches
  4 goblins
  6 hobgoblins
  6 jackals (D:3)
  9 kobolds
  4 frilled lizards
  6 rats
62 creatures vanquished.

Notes
Turn   | Place    | Note
-------+----------+-------------------------------------------
     0 | Abyss:1  | zachooz the Hill Orc Abyssal Knight began the quest for the Orb.
     0 | Abyss:1  | Reached XP level 1. HP: 19/19 MP: 2/2
     3 | Abyss:1  | Found a corrupted altar of Lugonu.
   102 | Abyss:1  | Found a corrupted altar of Lugonu.
   105 | Abyss:1  | Found a corrupted altar of Lugonu.
   111 | D:1      | Escaped the Abyss
   287 | D:1      | Reached skill level 4 in Fighting
   287 | D:1      | Reached XP level 2. HP: 24/27 MP: 3/3
   582 | D:1      | Reached ** piety under Lugonu
   582 | D:1      | Reached XP level 3. HP: 16/34 MP: 4/4
   997 | D:2      | Reached skill level 1 in Dodging
  1196 | D:2      | Reached XP level 4. HP: 31/41 MP: 5/5
  1269 | D:2      | Noticed Jessica
  1279 | D:2      | Found a snail-covered altar of Cheibriados.
  1286 | D:2      | Killed Jessica
  1554 | D:3      | Noticed Terence
  1891 | D:3      | Killed Terence
  1891 | D:3      | Reached XP level 5. HP: 17/47 MP: 6/6
  2373 | D:3      | Reached *** piety under Lugonu
  2543 | D:3      | Reached skill level 5 in Fighting
  2748 | D:3      | You fall through a shaft!
  2748 | D:4      | Noticed an ogre
  2752 | D:4      | Slain by an ogre

Skill      XL: |  1  2  3  4  5 |
---------------+----------------+-----
Fighting       | 4 5 |  5.0
Long Blades    | 3 4 |  4.5
Dodging        | 1 |  1.2
Maces & Flails | |  0.4
Armour         | |  2.8
Invocations    | |  2.4

Action                   |  1- 3 |  4- 6 || total
-------------------------+-------+-------++-------
Melee: Falchion          |    86 |    56 ||   142
       Flail             |       |    89 ||    89
Invok: Bend Space        |       |     1 ||     1
Evoke: Wand              |       |     1 ||     1
  Use: Scroll            |     2 |     4 ||     6
       Potion            |     2 |     4 ||     6
  Eat: Bread ration      |     1 |     1 ||     2
Armor: Leather armour    |    32 |    70 ||   102
Dodge: Dodged            |    61 |   117 ||   178
       Rpst.: Falchion   |    23 |    17 ||    40
